 Dungeon Crawl Stone Soup version 0.20.1-1-g8b1a95d (webtiles) character file.

4835 keltmir the Carver (level 10, -1/83 HPs)
             Began as a Minotaur Fighter on Oct 28, 2017.
             Was a Believer of Makhleb.
             Slain by a yak (6 damage)
             ... on level 9 of the Dungeon.
             The game lasted 00:29:03 (7469 turns).

keltmir the Carver (Minotaur Fighter)               Turns: 7469, Time: 00:29:04

Health: -1/83      AC: 11    Str: 22    XL:     10   Next: 25%
Magic:  9/9        EV:  9    Int:  5    God:    Makhleb [**....]
Gold:   510        SH: 12    Dex: 12    Spells: 9/9 levels left

rFire    . . .     SeeInvis .   a - +1 long sword
rCold    . . .     Gourm    .   c - +0 shield
rNeg     . . .     Faith    .   n - +0 plate armour
rPois    .         Spirit   .   (helmet restricted)
rElec    .         Reflect  .   (no cloak)
rCorr    +         Harm     .   (no gloves)
MR       .....                  (no boots)
Stlth    ..........             q - amulet of rage
Regen    0.3/turn               H - ring of resist corrosion
MPRegen  0.2/turn               G - +4 ring of evasion

@: no status effects
A: retaliatory headbutt, horns 2
a: Minor Destruction, Renounce Religion, Evoke Berserk Rage


You were on level 9 of the Dungeon.
You worshipped Makhleb.
Makhleb was pleased with you.
You were hungry.

You visited 1 branch of the dungeon, and saw 9 of its levels.
You also visited: Sewer.

You collected 510 gold pieces.

Inventory:

Hand Weapons
 a - a +1 long sword (weapon)
 L - a +1 hand axe
Armour
 b - a +0 scale mail
 c - a +0 shield (worn)
 n - a +0 plate armour (worn)
 C - a +2 helmet
Jewellery
 d - an uncursed ring of wizardry
 q - an amulet of rage (around neck)
 B - the ring of Enierryh {rN+ Str-5 Dex+2 Slay+6}
   (You found it on level 5 of the Dungeon)

   [ring of positive energy]

   It affects your strength (-5).
   It affects your dexterity (+2).
   It affects your accuracy and damage with ranged weapons and melee attacks
   (+6).
   It protects you from negative energy.
 G - a +4 ring of evasion (right hand)
 H - a ring of resist corrosion (left hand)
Wands
 f - a wand of flame (18/48)
 j - a wand of acid (7/15)
 v - a wand of lightning (4/15)
 w - a wand of confusion (36/48)
 A - a wand of flame (34/48)
 D - a wand of polymorph (4/24)
Scrolls
 k - 4 scrolls of recharging
 l - 6 scrolls of remove curse
 o - 2 scrolls of teleportation
 y - a scroll of magic mapping
 M - 3 scrolls of identify
Potions
 e - 2 potions of agility {unknown}
 g - 3 potions of lignification
 i - 2 potions of magic {unknown}
 m - 3 potions of mutation {unknown}
 p - 5 potions of curing
 s - 4 potions of flight {unknown}
 t - 3 potions of ambrosia {unknown}
 z - a potion of haste
 E - a potion of heal wounds {unknown}
Books
 r - a book of Misfortune

   Spells                             Type                      Level
   a - Confusing Touch                Hexes                        1
   b - Confuse                        Hexes                        3
   c - Gell's Gravitas                Translocation                3
   d - Petrify                        Transmutation/Earth          4
   e - Metabolic Englaciation         Hexes/Ice                    5
   f - Yara's Violent Unravelling     Hexes/Transmutation          5
 J - a book of Changes

   Spells                             Type                      Level
   a - Beastly Appendage              Transmutation                1
   b - Sticks to Snakes               Transmutation                2
   c - Spider Form                    Transmutation/Poison         3
   d - Ice Form                       Ice/Transmutation            4
   e - Blade Hands                    Transmutation                5
 K - a book of Enchantments

   Spells                             Type                      Level
   a - Cause Fear                     Hexes                        4
   b - Yara's Violent Unravelling     Hexes/Transmutation          5
   c - Silence                        Hexes/Air                    5
   d - Deflect Missiles               Charms/Air                   6
   e - Discord                        Hexes                        8
Comestibles
 u - 8 bread rations
 x - 4 royal jellies
 F - 3 meat rations
 I - 7 fruits


   Skills:
 - Level 5.9 Fighting
 * Level 13.6 Long Blades
 - Level 3.6 Armour
 + Level 11.0 Shields


You had 9 spell levels left.
You didn't know any spells.

Dungeon Overview and Level Annotations

Branches:
Dungeon (9/15)             Temple (0/1) D:6
   Lair: D:8-11         Orc: D:9-12

Altars:
Cheibriados
Fedhas
Gozag
Kikubaaqudgha
Makhleb
Okawaru
Ru
Sif Muna
Trog
Vehumet
Xom
Yredelemnul
Zin


Innate Abilities, Weirdness & Mutations

You reflexively headbutt those who attack you in melee.
You have a pair of horns on your head.


Message History

Makhleb accepts your kill.
Your Shields skill increases to level 11!
The yak gores you but does no damage.
Your plate armour prevents you from hitting the yak.
The yak is lightly wounded.
The yak gores you but does no damage.
You hit the yak. You headbutt the yak!
The yak is moderately wounded.
Your plate armour prevents you from hitting the yak.
The yak is moderately wounded.
The yak gores you!
* * * LOW HITPOINT WARNING * * *
You hit the yak.
The yak is heavily wounded.
The yak gores you!
* * * LOW HITPOINT WARNING * * *
You slash the yak! You headbutt the yak, but do no damage.
The yak is severely wounded.
The yak gores you.
You die...

######.#####
#..........#
#..........####
#..............
#..........###.
#..........#
#######.####
###..# #@Y.##
##†#####
#......#
#.†....#
#...%..#
#......#
#......#
#......+
#......#


You could see a yak.

Vanquished Creatures
  A two-headed ogre (D:8)
  Joseph (D:7)
  A hippogriff (D:7)
  Sigmund (D:4)
  5 yaks (D:9)
  Duvessa (D:7)
  2 sky beasts
  An ice beast (D:6)
  2 phantoms
  6 ogres
  The ghost of keltmir the Changer, an amateur DrTm (D:3)
  A big kobold (Sewer)
  A centaur (D:8)
  2 bullfrogs (D:7)
  Dowan (D:7)
  3 scorpions
  3 wights (D:7)
  2 crimson imps
  A howler monkey (D:4)
  A bullfrog zombie (D:7)
  2 quasits
  2 jellies
  A centaur zombie (D:7)
  3 hounds
  4 orc priests
  A centaur skeleton (D:3)
  A bullfrog skeleton (D:7)
  An iguana (D:2)
  2 orc wizards (D:4)
  9 worker ants
  2 hound skeletons
  A howler monkey skeleton (D:6)
  11 adders
  4 shadow imps
  An ooze (D:1)
  2 adder skeletons (D:4)
  2 worms
  A dart slug (D:3)
  10 leopard geckos
  8 orcs
  10 giant cockroaches
  7 goblins
  10 hobgoblins
  6 jackals
  4 quokkas
  16 bats
  7 frilled lizards
  9 kobolds
  A leopard gecko skeleton (D:5)
  7 rats
182 creatures vanquished.

Vanquished Creatures (others)
  A hound (D:7)
  An orc wizard (D:7)
  An adder (D:7)
3 creatures vanquished.

Grand Total: 185 creatures vanquished

Notes
Turn   | Place    | Note
-------+----------+-------------------------------------------
     0 | D:1      | keltmir the Minotaur Fighter began the quest for the Orb.
     0 | D:1      | Reached XP level 1. HP: 19/19 MP: 0/0
    81 | D:1      | Reached XP level 2. HP: 24/27 MP: 1/1
   343 | D:1      | Reached XP level 3. HP: 33/33 MP: 2/2
   539 | D:2      | Reached skill level 3 in Long Blades
   793 | D:2      | Reached XP level 4. HP: 37/41 MP: 3/3
  1303 | D:2      | Reached skill level 5 in Shields
  1606 | D:3      | Noticed keltmir's ghost (amateur DrTm)
  1624 | D:3      | Killed keltmir's ghost
  1624 | D:3      | Reached skill level 5 in Fighting
  1624 | D:3      | Reached skill level 4 in Long Blades
  1624 | D:3      | Reached XP level 5. HP: 34/48 MP: 4/4
  1747 | D:3      | Found a radiant altar of Vehumet.
  2445 | D:3      | Reached XP level 6. HP: 28/56 MP: 5/5
  2637 | D:4      | Reached skill level 5 in Long Blades
  2992 | D:4      | Noticed Sigmund
  3006 | D:4      | Killed Sigmund
  3006 | D:4      | Reached skill level 6 in Long Blades
  3006 | D:4      | Reached XP level 7. HP: 59/62 MP: 6/6
  3244 | D:4      | Found a blossoming altar of Fedhas.
  3480 | D:5      | Entered Level 5 of the Dungeon
  3521 | D:5      | Reached skill level 7 in Long Blades
  3590 | D:5      | Got a serpentine amber ring
  3721 | D:5      | Found a glowing drain.
  3790 | D:5      | Reached skill level 8 in Long Blades
  3796 | D:5      | Reached XP level 8. HP: 65/70 MP: 7/7
  3809 | D:5      | Found a burning altar of Makhleb.
  3814 | D:5      | Became a worshipper of Makhleb the Destroyer
  3962 | Sewer    | Entered a sewer
  4070 | Sewer    | Found a white marble altar of Elyvilon.
  4177 | D:6      | Found a sacrificial altar of Ru.
  4194 | D:6      | Found a staircase to the Ecumenical Temple.
  4194 | D:6      | Found a basalt altar of Yredelemnul.
  4194 | D:6      | Found an ancient bone altar of Kikubaaqudgha.
  4195 | D:6      | Found a deep blue altar of Sif Muna.
  4195 | D:6      | Found an opulent altar of Gozag.
  4472 | D:6      | Reached skill level 9 in Long Blades
  5237 | D:6      | Found a snail-covered altar of Cheibriados.
  5237 | D:6      | Found a bloodstained altar of Trog.
  5239 | D:6      | Found a sacrificial altar of Ru.
  5239 | D:6      | Found a glowing silver altar of Zin.
  5240 | D:6      | Found a shimmering altar of Xom.
  5240 | D:6      | Found an opulent altar of Gozag.
  5240 | D:6      | Found a blossoming altar of Fedhas.
  5413 | D:6      | Found an iron altar of Okawaru.
  5707 | D:7      | Reached skill level 10 in Long Blades
  5757 | D:7      | Reached * piety under Makhleb
  5781 | D:7      | Noticed Dowan
  5782 | D:7      | Noticed Duvessa
  5831 | D:7      | Killed Duvessa
  5839 | D:7      | Killed Dowan
  5931 | D:7      | Reached XP level 9. HP: 63/75 MP: 8/8
  6020 | D:7      | Found a snail-covered altar of Cheibriados.
  6046 | D:7      | Found a shimmering altar of Xom.
  6091 | D:7      | Reached skill level 11 in Long Blades
  6271 | D:7      | Noticed Joseph
  6281 | D:7      | Killed Joseph
  6281 | D:7      | Reached skill level 12 in Long Blades
  6465 | D:7      | Identified the ring of Enierryh {rN+ Str-5 Dex+2 Slay+6} (You found it on level 5 of the Dungeon)
  6565 | D:8      | Reached skill level 10 in Shields
  6809 | D:8      | Reached ** piety under Makhleb
  7220 | D:8      | Noticed a two-headed ogre
  7228 | D:8      | Killed a two-headed ogre
  7228 | D:8      | Reached skill level 13 in Long Blades
  7228 | D:8      | Reached XP level 10. HP: 77/83 MP: 9/9
  7469 | D:9      | Slain by a yak

Skill      XL: |  1  2  3  4  5  6  7  8  9 10 |
---------------+-------------------------------+-----
Shields        | 4 5 6 7 8 10 11 | 11.0
Fighting       | 4 5 |  5.9
Long Blades    | 3 4 6 8 10 13 | 13.6
Armour         | |  3.6

Action                   |  1- 3 |  4- 6 |  7- 9 | 10-12 || total
-------------------------+-------+-------+-------+-------++-------
Melee: Long sword        |    85 |   167 |   405 |    34 ||   691
       Headbutt          |    10 |    31 |    78 |     8 ||   127
Evoke: Wand              |       |       |     3 |       ||     3
  Use: Scroll            |       |     5 |    11 |       ||    16
       Potion            |       |       |     1 |       ||     1
  Eat: Chunk             |       |     2 |    10 |       ||    12
       Bread ration      |       |     1 |       |       ||     1
       Meat ration       |       |       |     1 |       ||     1
Armor: Scale mail        |    24 |       |       |       ||    24
       Plate armour      |     8 |   119 |   179 |     9 ||   315
Dodge: Dodged            |    20 |    20 |    65 |    14 ||   119
Block: Shield            |    35 |    99 |   221 |    20 ||   375
       Rpst.: Long sword |     6 |     7 |    17 |     4 ||    34
